AoeStats
← AEO

Arabia

508296277Analyzed
1v1 RM · 10d ago on Sep 21, 2026· 37m 32s· 2 players
Game mode
Random Map
Map size
Tiny (2 player)
Population
200
Speed
Normal
Resources
Standard
Victory
Conquest
Starting age
Dark Age
Ending age
Imperial Age
RankedLock teamsTeams togetherTeam positionsShared explorationLock speedFull tech treeHidden civsTurbo modeCheats
Victory
Defeat
🇬🇧 Mongols · United Kingdom
819
+15
🇹🇷 Chinese · Türkiye
787
-15
AEO
1:32 Loom
12:16 Feudal Age
13:38 Wheelbarrow
12:51 Double-Bit Axe
12:35 Man-at-Arms
13:21 Arson
13:34 Stone Mining
16:16 Gold Mining
19:28 Town Watch
25:00 Bloodlines
31:40 Castle Age
32:24 Squires
34:28 Husbandry
34:27 Fletching
36:07 Scale Mail Armor
Wōðanaz
9:20 Feudal Age
23:51 Castle Age
22:24 Bloodlines
27:53 Wheelbarrow
30:14 Double-Bit Axe
33:59 Hand Cart
40:14 Imperial Age
38:05 Husbandry
Connection lost

Rejoining the realm…

Still unreachable

The connection could not be restored.

Session expired

The server has moved on; the page needs a fresh start.